 Dungeon Crawl Stone Soup version 0.20.0-15-g7f486f2 (webtiles) character file.

2040 NoAnimeNoLife the Basher (level 9, -3/64 HPs)
             Began as a Demonspawn Gladiator on June 13, 2017.
             Was a Believer of Qazlal.
             Slain by an orc warrior
             ... wielding a +0 scimitar
              (18 damage)
             ... on level 7 of the Dungeon.
             The game lasted 00:10:45 (6667 turns).

NoAnimeNoLife the Basher (Demonspawn Gladiator)     Turns: 6667, Time: 00:10:45

Health: -3/64      AC: 15    Str: 14    XL:     9   Next: 4%
Magic:  18/18      EV:  4    Int: 11    God:    Qazlal [**....]
Gold:   346        SH:  3    Dex: 17    Spells: 8/8 levels left

rFire    . . .     SeeInvis .   E - +1 flail (crush)
rCold    . . .     Gourm    .   (no shield)
rNeg     . . .     Faith    .   k - +0 plate armour
rPois    +         Spirit   .   c - +0 helmet
rElec    .         Reflect  .   u - +1 cloak {rPois}
rCorr    .         Harm     .   (no gloves)
MR       .....                  (no boots)
Stlth    ..........             (no amulet)
Regen    0.2/turn               w - ring of magical power
MPRegen  0.2/turn               (no ring)

@: no status effects
A: claws 1, rugged brown scales 2, spiny 1
a: Upheaval, Renounce Religion


You were on level 7 of the Dungeon.
You worshipped Qazlal.
Qazlal was pleased with you.
You were hungry.

You visited 1 branch of the dungeon, and saw 7 of its levels.

You collected 346 gold pieces.

Inventory:

Hand Weapons
 a - a +0 flail
 t - a +2 quarterstaff of chaos
 E - a +1 flail of crushing (weapon)
Missiles
 d - 3 throwing nets (quivered)
Armour
 b - a +0 leather armour
 c - a +0 helmet (worn)
 k - a +0 plate armour (worn)
 u - a +1 cloak of poison resistance (worn)
Jewellery
 m - a -2 ring of evasion
 w - a ring of magical power (left claw)
Wands
 r - a wand of flame (20/48)
Scrolls
 h - 4 scrolls of identify
 i - a scroll of summoning {unknown}
 o - a scroll of remove curse
 p - 2 scrolls of magic mapping {unknown}
 v - a scroll of amnesia
 x - 2 scrolls of teleportation
 y - a scroll of torment {unknown}
 A - a scroll of recharging
 C - a scroll of immolation {unknown}
Potions
 e - a potion of haste
 j - a potion of lignification
 l - a potion of might {unknown}
 n - a potion of heal wounds {unknown}
 s - a potion of flight {unknown}
 z - a potion of curing
Books
 B - the Catalogue of the Glacier and Translocation
   (You found it on level 6 of the Dungeon)

   Spells                             Type                      Level
   a - Shroud of Golubria             Charms/Translocation         2
   b - Ensorcelled Hibernation        Hexes/Ice                    2
   c - Blink                          Translocation                2
   d - Ice Form                       Ice/Transmutation            4
   e - Metabolic Englaciation         Hexes/Ice                    5
   f - Summon Forest                  Summoning/Translocation      5
Comestibles
 f - 5 bread rations
 g - 4 meat rations
 q - 9 fruits


   Skills:
 - Level 2.0 Fighting
 + Level 11.1 Maces & Flails
 - Level 1.7 Throwing
 - Level 2.6 Dodging


You had 8 spell levels left.
You didn't know any spells.

Dungeon Overview and Level Annotations

Branches:
Dungeon (7/15)             Temple (0/1) D:5

Altars:
Dithmenos
Fedhas
Okawaru
Qazlal
Sif Muna
Trog


Innate Abilities, Weirdness & Mutations

You have sharp fingernails.
You are mostly covered in rugged brown scales. (AC +2, +5% HP)
You are partially covered in sharp spines.


Message History

You start resting.
You hear a shout!
An orc warrior comes into view. It is wielding a scimitar.
The orc warrior hits you with a scimitar.
You hit the orc warrior but do no damage.
The orc warrior hits you with a scimitar.
You hit the orc warrior but do no damage.
The orc warrior hits you with a scimitar!!
* * * LOW HITPOINT WARNING * * *
You hit the orc warrior.
The orc warrior is lightly wounded.
An orc priest comes into view. It is wielding a mace.
You hit the orc warrior but do no damage.
The orc warrior is lightly wounded.
The orc warrior hits you with a scimitar!
* * * LOW HITPOINT WARNING * * *
Okay, then.
You feel better.
The orc warrior hits you with a scimitar!!
You die...

### # ##.# ###.##..+ ######
.. ........##########.....
.. .##o.#..............
.###. #.......#####.###.
.... #.####.## #.# #. ...
#o# #.# #.###. #.# #@# #.#
#..... #.###.###.# ##'##
###### #.........###...##
##### #####.######.....##
#..<. ##..# ##.......##
#.#.#
#####...####.........###....
...........'..(......'......
#####....###.........###....
##.#.# ##.......## #.#..


You could see an orc warrior and an orc priest.

Vanquished Creatures
  The ghost of Britaniac the Slasher, an amateur DsFi (D:4)
  3 sky beasts
  2 phantoms
  An ice beast (D:5)
  An ogre (D:6)
  4 centaurs
  A bullfrog (D:6)
  A scorpion (D:6)
  A howler monkey (D:4)
  2 crimson imps
  A jelly (D:4)
  Crazy Yiuf (D:2)
  An orc priest (D:6)
  7 orc wizards
  A hound (D:4)
  A bullfrog skeleton (D:4)
  A gnoll shaman (D:6)
  3 iguanas
  4 worker ants
  Robin (D:2)
  An adder (D:2)
  5 gnolls (D:6)
  A shadow imp (D:7)
  3 oozes
  An adder zombie (D:5)
  2 adder skeletons (D:4)
  3 worms
  3 leopard geckos
  19 orcs
  2 giant cockroaches (D:1)
  12 goblins
  6 hobgoblins
  12 jackals
  4 kobolds
  7 quokkas
  A ball python (D:4)
  5 bats
  4 frilled lizards
  5 rats
134 creatures vanquished.

Vanquished Creatures (others)
  A wizard (D:6)
1 creature vanquished.

Grand Total: 135 creatures vanquished

Notes
Turn   | Place    | Note
-------+----------+-------------------------------------------
     0 | D:1      | NoAnimeNoLife the Demonspawn Gladiator began the quest for the Orb.
     0 | D:1      | Reached XP level 1. HP: 16/16 MP: 1/1
   132 | D:1      | Reached skill level 3 in Maces & Flails
   223 | D:1      | Gained mutation: You are partially covered in sharp spines. [demonic ancestry]
   223 | D:1      | Reached XP level 2. HP: 14/22 MP: 2/2
   993 | D:2      | Reached XP level 3. HP: 23/27 MP: 3/3
  1072 | D:2      | Reached skill level 4 in Maces & Flails
  1176 | D:2      | Found an iron altar of Okawaru.
  1426 | D:2      | Found a runed door.
  1513 | D:2      | Noticed Robin
  1520 | D:2      | Killed Robin
  1521 | D:2      | Gained mutation: You are partially covered in rugged brown scales. (AC +1, +3% HP) [demonic ancestry]
  1521 | D:2      | Reached XP level 4. HP: 18/33 MP: 4/4
  1889 | D:2      | Found a deep blue altar of Sif Muna.
  1948 | D:2      | Noticed Crazy Yiuf
  1959 | D:2      | Killed Crazy Yiuf
  2314 | D:3      | Reached skill level 5 in Maces & Flails
  2464 | D:3      | Found a blossoming altar of Fedhas.
  2511 | D:3      | Found a stormy altar of Qazlal.
  2539 | D:3      | Became a worshipper of Qazlal Stormbringer
  3146 | D:4      | Reached XP level 5. HP: 15/39 MP: 5/5
  3362 | D:4      | Noticed Britaniac's ghost (amateur DsFi)
  3977 | D:4      | Reached skill level 6 in Maces & Flails
  4040 | D:4      | Reached XP level 6. HP: 41/45 MP: 6/6
  4254 | D:4      | Found a shadowy altar of Dithmenos.
  4337 | D:4      | Reached * piety under Qazlal
  4434 | D:4      | Killed Britaniac's ghost
  4434 | D:4      | Reached skill level 7 in Maces & Flails
  4434 | D:4      | Gained mutation: You are mostly covered in rugged brown scales. (AC +2, +5% HP) [demonic ancestry]
  4434 | D:4      | Reached XP level 7. HP: 52/52 MP: 7/7
  4665 | D:5      | Entered Level 5 of the Dungeon
  4696 | D:5      | Reached skill level 8 in Maces & Flails
  5021 | D:5      | Found a staircase to the Ecumenical Temple.
  5182 | D:5      | Reached skill level 9 in Maces & Flails
  5182 | D:5      | Gained mutation: You have sharp fingernails. [demonic ancestry]
  5182 | D:5      | Reached XP level 8. HP: 40/58 MP: 8/8
  5752 | D:6      | Reached skill level 10 in Maces & Flails
  5910 | D:6      | Reached ** piety under Qazlal
  6101 | D:6      | Identified the Catalogue of the Glacier and Translocation
  6143 | D:6      | Found a bloodstained altar of Trog.
  6146 | D:6      | Noticed a wizard
  6152 | D:6      | Killed a wizard
  6554 | D:7      | Reached skill level 11 in Maces & Flails
  6645 | D:7      | Reached XP level 9. HP: 41/64 MP: 9/9
  6667 | D:7      | Slain by an orc warrior

Skill      XL: |  1  2  3  4  5  6  7  8 |
---------------+-------------------------+-----
Maces & Flails | 3 4 5 6 7 9 11 | 11.1
Fighting       | |  2.0
Throwing       | |  1.7
Dodging        | |  2.6

Action                   |  1- 3 |  4- 6 |  7- 9 || total
-------------------------+-------+-------+-------++-------
Melee: Flail             |    94 |   180 |   237 ||   511
  Use: Scroll            |     3 |     3 |     1 ||     7
       Potion            |       |     3 |     1 ||     4
  Eat: Chunk             |     1 |     6 |     7 ||    14
       Fruit             |       |     2 |       ||     2
       Royal jelly       |       |     1 |       ||     1
Armor: Plate armour      |    86 |   133 |   117 ||   336
       Skin              |       |    33 |     9 ||    42
Dodge: Dodged            |    28 |    36 |    37 ||   101
Block: Other             |       |       |     7 ||     7
